AoeStats
← chewie1706

Arena

507259602Analyzed
3v3 RM · 14d ago on Sep 17, 2026· 38m 32s· 6 players
Game mode
Random Map
Map size
Normal (6 player)
Population
200
Speed
Normal
Resources
Standard
Victory
Conquest
Starting age
Dark Age
Ending age
Imperial Age
RankedLock teamsTeams togetherTeam positionsShared explorationLock speedFull tech treeHidden civsTurbo modeCheats
Victory
Defeat
🇩🇪 Aztecs · Germany
1447
+13
🇨🇳 Japanese · China
1325
+18
🇨🇳 Persians · China
1324
+18
🇫🇷 Mongols · France
1536
-23
🇨🇭 Britons · Switzerland
1316
-14
🇫🇷 Burgundians · France
1259
-12
AGS.Euphiebe
8:45 Double-Bit Axe
9:37 Loom
11:23 Feudal Age
15:35 Castle Age
15:43 Bow Saw
18:22 Two-Man Saw
18:22 Horse Collar
22:16 Wheelbarrow
21:46 Town Watch
24:00 Hand Cart
24:00 Heavy Plow
29:30 Imperial Age
29:04 Forging
28:54 Scale Mail Armor
30:24 Iron Casting
29:55 Scale Barding Armor
30:47 Husbandry
30:07 Cavalier
32:49 Blast Furnace
32:37 Gold Mining
32:38 Stone Mining
33:19 Chain Barding Armor
33:54 Paladin
35:30 Plate Barding Armor
35:16 Scale Mail Armor
34:46 Pikeman
36:15 Halberdier
37:22 Squires
AGS.Grimnel
10:40 Feudal Age
10:47 Feudal Age
15:35 Castle Age
15:04 Double-Bit Axe
15:00 Horse Collar
17:00 Bow Saw
16:52 Heavy Plow
22:23 Wheelbarrow
21:46 Fletching
25:25 Gold Mining
25:33 Loom
25:34 Town Watch
31:15 Imperial Age
29:04 Hand Cart
29:21 Bodkin Arrow
29:26 Padded Archer Armor
29:42 Crossbowman
31:06 Ballistics
30:59 Fortified Wall
31:50 Leather Archer Armor
32:21 Bracer
33:26 Chemistry
32:39 Masonry
32:03 Arbalester
34:18 Two-Man Saw
33:12 Stone Mining
33:57 Gold Shaft Mining
34:30 Ring Archer Armor
34:33 Murder Holes
34:12 Elite Skirmisher
35:30 Scale Mail Armor
35:40 Forging
37:06 Onager
38:31 Conscription
chewie1706
4:51 Loom
7:11 Feudal Age
7:48 Double-Bit Axe
9:18 Fletching
12:07 Horse Collar
17:08 Wheelbarrow
16:36 Town Watch
22:05 Castle Age
20:55 Stone Mining
21:18 Gold Mining
22:52 Heavy Plow
23:02 Bow Saw
22:51 Bodkin Arrow
31:17 Imperial Age
34:08 Bracer
35:43 Padded Archer Armor
37:04 Chemistry
Basti8712
9:58 Feudal Age
12:28 Fletching
12:44 Loom
14:52 Horse Collar
24:39 Castle Age
24:12 Scale Mail Armor
24:23 Forging
26:52 Wheelbarrow
28:51 Eagle Warrior
29:32 Squires
31:59 Chain Mail Armor
34:24 Heavy Plow
huangtmc
10:08 Feudal Age
14:15 Castle Age
12:16 Double-Bit Axe
16:01 Bow Saw
15:58 Horse Collar
22:00 Wheelbarrow
23:58 Loom
24:13 Stone Mining
24:14 Gold Mining
24:43 Scale Barding Armor
25:24 Forging
25:26 Bloodlines
25:22 Town Watch
25:53 Husbandry
27:23 Hand Cart
27:41 Heavy Plow
30:55 Imperial Age
28:55 Chain Barding Armor
29:13 Iron Casting
29:54 Stone Shaft Mining
29:55 Gold Shaft Mining
30:33 Elite War Elephant
31:34 Conscription
31:56 Plate Barding Armor
32:49 Crop Rotation
33:23 Two-Man Saw
33:46 Blast Furnace
630406632
10:48 Feudal Age
14:56 Castle Age
13:17 Double-Bit Axe
13:50 Horse Collar
16:05 Bow Saw
18:51 Arson
20:08 Loom
20:55 Forging
21:52 Scale Mail Armor
22:17 Squires
25:14 Gold Mining
26:26 Iron Casting
27:46 Wheelbarrow
32:43 Imperial Age
30:41 Heavy Plow
30:40 Stone Mining
31:29 Gold Shaft Mining
31:37 Hand Cart
32:02 Yasama
32:09 Guard Tower
32:40 Ballistics
33:10 Fletching
33:48 Conscription
34:37 Two-Man Saw
34:59 Chemistry
34:20 Ballistics
34:34 Bodkin Arrow
34:53 Padded Archer Armor
35:19 Bracer
35:53 Kataparuto
36:40 Keep
35:51 Arrowslits
36:00 Town Watch
36:44 Leather Archer Armor
36:50 Elite Skirmisher
38:31 Ring Archer Armor
Connection lost

Rejoining the realm…

Still unreachable

The connection could not be restored.

Session expired

The server has moved on; the page needs a fresh start.